 Dungeon Crawl Stone Soup version 0.18-a0-888-gdb73dea (webtiles) character file.

170 tp1 the Magician (level 5, -7/28 HPs)
             Began as a Deep Elf Conjurer on Dec 23, 2015.
             Mangled by a worm (10 damage)
             ... on level 3 of the Dungeon.
             The game lasted 00:11:19 (3050 turns).

tp1 the Magician (Deep Elf Conjurer)                Turns: 3050, Time: 00:11:19

Health: -7/28      AC:  3    Str: -1    XL:     5   Next: 25%
Magic:  13/15      EV: 13    Int: 21    God:
Gold:   111        SH:  0    Dex: 15    Spells: 3 memorised, 8 levels left

rFire  . . .     SeeInvis .     h - +3 short sword (venom)
rCold  . . .     Gourm    .     a - +0 robe
rNeg   . . .     Faith    .     (no shield)
rPois  .         Spirit   .     (no helmet)
rElec  .         Dismiss  .     (no cloak)
rCorr  .         Reflect  .     (no gloves)
SustAt .         Harm     .     l - +0 pair of boots
MR     .....                    (no amulet)
Stlth  ++........               (no ring)
                                o - -6 ring of strength (curse)

@: slowed, lost strength, very slow, not resistant to hostile enchantments,
unstealthy
A: no striking features
a: no special abilities


You were on level 3 of the Dungeon.
You were not hungry.

You visited 1 branch of the dungeon, and saw 3 of its levels.

You collected 111 gold pieces.

Inventory:

Hand Weapons
 h - a +3 short sword of venom (weapon)
 t - a +0 rapier
Armour
 a - a +0 robe (worn)
 l - a +0 pair of boots (worn)
Jewellery
 o - a cursed -6 ring of strength (left hand)
Scrolls
 d - a scroll of fog {unknown}
 e - a scroll of identify
 f - a scroll of teleportation
 j - 2 scrolls of enchant weapon
 k - a scroll of remove curse {unknown}
 n - a scroll of noise
 s - a scroll of magic mapping {unknown}
Potions
 g - a potion of haste
 m - a potion of cancellation {unknown}
 q - 2 potions of lignification {unknown}
Books
 b - a book of Conjurations

   Spells                             Type                      Level
   a - Magic Dart                     Conjuration                  1
   b - Searing Ray                    Conjuration                  2
   c - Dazzling Spray                 Conjuration/Hexes            3
   d - Fulminant Prism                Conjuration/Hexes            4
   e - Iskenderun's Mystic Blast      Conjuration                  4
   f - Iskenderun's Battlesphere      Conjuration/Charms           5
Comestibles
 c - a bread ration
 i - a meat ration
 p - 2 fruits
 r - a beef jerky


   Skills:
 - Level 2.6 Dodging
 - Level 2.4 Stealth
 - Level 6.0 Spellcasting
 - Level 5.5 Conjurations
 + Level 1.1 Charms


You had 8 spell levels left.
You knew the following spells:

 Your Spells              Type           Power        Failure   Level  Hunger
a - Magic Dart            Conj           ####         1%          1    None
b - Searing Ray           Conj           ####..       1%          2    None
c - Iskenderun's Battles  Conj/Chrm      ###.....     78%         5    #####..


Dungeon Overview and Level Annotations

Branches:
Dungeon (3/15)

Altars:


Message History

The magic dart hits the worm.
The worm is heavily wounded.
Casting: Magic Dart
Confirm with . or Enter, or press ? or * to list all spells.
Aiming: Magic Dart
Press: ? - help, Shift-Dir - straight line, f/p - worm
Aim: a worm (heavily wounded)
The magic dart hits the worm.
The worm is heavily wounded.
The worm bites you. The giant gecko barely misses you.
You hit the worm.
The worm is poisoned.
The worm is severely wounded.
The giant gecko barely misses you. The worm bites you!
* * * LOW HITPOINT WARNING * * *
The giant gecko bites you.
* * * LOW HITPOINT WARNING * * *
You barely miss the worm.
The worm is almost dead.
The giant gecko barely misses you. The worm bites you!
You die...

#### .....
..... ......
####......
#w........
#.@l......
#..$......
#.....####
#.....# ###
###.##.# #.. ..
#.# ## # ## #.#
.# #..##
##.#### .##
#####.##.##
#.>..#$...<..
#.###......†...
..##.##[#


You could see a worm and a giant gecko.

Vanquished Creatures
  Jessica (D:3)
  3 adders (D:2)
  A gnoll (D:1)
  4 oozes
  3 worms
  3 giant geckos (D:2)
  An orc (D:3)
  3 ball pythons
  9 bats
  5 giant cockroaches
  12 hobgoblins
  8 kobolds
  4 quokkas
  A giant newt (D:3)
  8 goblins
  9 rats
75 creatures vanquished.

Notes
Turn   | Place    | Note
--------------------------------------------------------------
     0 | D:1      | tp1 the Deep Elf Conjurer began the quest for the Orb.
     0 | D:1      | Reached XP level 1. HP: 10/10 MP: 6/6
   161 | D:1      | Reached XP level 2. HP: 15/15 MP: 0/8
   165 | D:1      | Learned a level 2 spell: Searing Ray
   318 | D:1      | Reached skill level 5 in Conjurations
   593 | D:1      | Reached XP level 3. HP: 19/19 MP: 3/10
  1621 | D:2      | Reached skill level 5 in Spellcasting
  1621 | D:2      | Reached XP level 4. HP: 24/24 MP: 5/13
  2304 | D:2      | Reached skill level 6 in Spellcasting
  2810 | D:3      | Noticed Jessica
  2826 | D:3      | Killed Jessica
  2826 | D:3      | Reached XP level 5. HP: 28/28 MP: 5/15
  2833 | D:3      | Learned a level 5 spell: Iskenderun's Battlesphere
  3032 | D:3      | Lost strength.
  3041 | D:3      | Reached skill level 1 in Charms
  3050 | D:3      | Mangled by a worm

Vault maps used:
D:1:      lemuel_arrival_funnel, minmay_strange_pillars, serial_bayou_ford_a
D:2:      lemuel_upstairs_altar
D:3:      nicolae_overflow_hidden_temple, uniq_grinder, uniq_robin,
          uniq_jessica, uniq_terence

Action                   |  1- 3 |  4- 6 || total
-------------------------+-------+-------++-------
Melee: Short sword       |     2 |     2 ||     4
 Cast: Magic Dart        |    75 |    49 ||   124
       Searing Ray       |     2 |     7 ||     9
  Use: Scroll            |       |     4 ||     4
  Eat: Chunk             |     1 |     5 ||     6
